AoeStats
← Agent Smith

Arabia

510949033Analyzed
2v2 RM · 11h ago on Oct 3, 2026· 44m 0s· 4 players
Game mode
Random Map
Map size
Medium (4 player)
Population
200
Speed
Normal
Resources
Standard
Victory
Conquest
Starting age
Dark Age
Ending age
Imperial Age
RankedLock teamsTeams togetherTeam positionsShared explorationLock speedFull tech treeHidden civsTurbo modeCheats
Victory
Defeat
🇺🇸 Maya · United States
1060
+16
🇨🇦 Wei · Canada
1028
+16
🇻🇳 Slavs · Vietnam
1054
-16
🇻🇳 Bulgarians · Vietnam
1048
-16
Agent Smith
5:34 Loom
10:09 Feudal Age
10:37 Double-Bit Axe
12:03 Man-at-Arms
14:39 Horse Collar
19:07 Castle Age
17:48 Stone Mining
21:18 Squires
20:38 Long Swordsman
21:23 Scale Mail Armor
22:08 Bow Saw
24:06 Heavy Plow
24:13 Gold Mining
26:09 Pikeman
28:28 Forging
28:48 Bloodlines
29:05 Husbandry
29:13 Scale Barding Armor
30:43 Chain Barding Armor
33:58 Detinets
35:20 Gold Shaft Mining
35:25 Wheelbarrow
34:36 Town Watch
36:53 Iron Casting
37:07 Hand Cart
41:58 Imperial Age
42:12 Elite Boyar
43:15 Conscription
44:05 Plate Barding Armor
44:30 Blast Furnace
phamquangtho2015
10:57 Feudal Age
12:12 Double-Bit Axe
12:08 Horse Collar
16:08 Forging
21:57 Castle Age
24:46 Wheelbarrow
24:32 Squires
25:13 Iron Casting
31:04 Stone Mining
38:20 Stone Shaft Mining
FlawlessMessage
0:28 Loom
10:13 Feudal Age
11:27 Double-Bit Axe
17:03 Wheelbarrow
22:38 Castle Age
22:23 Fletching
22:41 Crossbowman
23:52 Bow Saw
23:51 Bodkin Arrow
25:13 Scale Mail Armor
26:15 Eagle Warrior
29:16 Ballistics
30:33 Chain Mail Armor
30:29 Forging
31:49 Padded Archer Armor
32:37 Squires
33:42 Iron Casting
45:34 Imperial Age
ptom
0:37 Loom
10:08 Feudal Age
10:58 Horse Collar
11:07 Double-Bit Axe
11:17 Gold Mining
16:38 Stone Mining
17:55 Wheelbarrow
21:17 Castle Age
20:44 Forging
20:39 Scale Barding Armor
20:32 Town Watch
21:30 Fletching
22:44 Iron Casting
22:24 Bow Saw
23:56 Gold Shaft Mining
23:50 Chain Barding Armor
24:11 Heavy Plow
25:59 Husbandry
27:00 Bloodlines
26:55 Bodkin Arrow
27:47 Fervor
28:29 Devotion
29:22 Hand Cart
29:46 Stone Shaft Mining
34:23 Imperial Age
32:22 Treadmill Crane
32:38 Murder Holes
33:03 Ballistics
36:44 Blast Furnace
35:45 Bracer
37:07 Sanctity
36:24 Heavy Hei Guang Cavalry
38:25 Parthian Tactics
39:03 Crop Rotation
38:54 Thumb Ring
39:57 Conscription
40:10 Padded Archer Armor
41:37 Chemistry
41:27 Leather Archer Armor
41:26 Town Patrol
43:06 Ring Archer Armor
43:57 Masonry
44:42 Ming Guang Armor
44:19 Tuntian
44:55 Hoardings
Connection lost

Rejoining the realm…

Still unreachable

The connection could not be restored.

Session expired

The server has moved on; the page needs a fresh start.